 Dungeon Crawl Stone Soup version 0.31-a0-233-g139696dc86 (webtiles) character file.

Game seed: 11634761423513726826

607 Decritt the Trooper (level 7, -3/53 HPs)
             Began as a Djinni Hedge Wizard on July 8, 2023.
             Slain by a gnoll bouda
             ... wielding a +0 club
              (9 damage)
             ... on level 4 of the Dungeon.
             The game lasted 00:07:20 (3504 turns).

Decritt the Trooper (Djinni Hedge Wizard)           Turns: 3504, Time: 00:07:20

Health: -3/53      AC:  2    Str:  9    XL:     7   Next: 71%
Gold:   143        EV: 13    Int: 18    God:
                   SH:  0    Dex: 12

rFire   + + +        g - +1 spear (elec)
rCold   x . .        (no shield)
rNeg    . . .        b - +0 robe
rPois   ∞            c - +0 hat
rElec   .            (no cloak)
rCorr   .            (no gloves)
SInv    .            (boots unavailable)
Will    +....        (no amulet)
Stlth   ++           p - ring of willpower
HPRegen 0.28/turn    o - ring of protection from fire
MPRegen 0.00/turn

%: infuse magic (-4 HP)
@: flying
A: sickness immunity, fire resistance 2, cold vulnerability 1, float, innate
caster, HP casting, extra vitality 1
a: no special abilities


You were on level 4 of the Dungeon.
You visited 1 branch of the dungeon, and saw 4 of its levels.

You collected 143 gold pieces.

Inventory:

Hand Weapons
 a - a +0 dagger
 g - a +1 spear of electrocution (weapon)
Armour
 b - a +0 robe (worn)
 c - a +0 hat (worn)
Jewellery
 i - a +6 ring of strength
 o - a ring of protection from fire (right hand)
 p - a ring of willpower (left hand)
Wands
 n - a wand of charming (4)
Scrolls
 d - 3 scrolls of teleportation
 k - 3 scrolls of fog
Potions
 e - a potion of attraction
 f - a potion of brilliance {unknown}
 h - 2 potions of heal wounds
 j - 2 potions of haste
 l - 2 potions of lignification
 m - a potion of mutation


   Skills:
 * Level 4.8 Fighting
 + Level 4.2 Dodging
 - Level 1.5 Stealth
 * Level 4.5 Spellcasting
 * Level 4.5 Conjurations
 * Level 4.5 Hexes
   Level 0.0 Charms
 * Level 4.5 Summonings
 * Level 4.5 Necromancy
 * Level 4.5 Translocations
 * Level 4.5 Transmutations
 * Level 4.5 Fire Magic
 * Level 4.5 Ice Magic
 * Level 4.5 Air Magic
 * Level 4.5 Earth Magic
 * Level 4.5 Poison Magic


You knew the following spells:

 Your Spells              Type           Power      Damage    Failure   Level
a - Magic Dart            Conj           80%        1d7       2%          1
b - Scorch                Fire           40%        2d6       3%          2
c - Mephitic Cloud        Conj/Pois/Air  20%        N/A       6%          3
d - Call Imp              Summ           40%        N/A       3%          2
e - Necrotise             Necr           80%        1d8       2%          1
f - Lesser Beckoning      Tloc           40%        N/A       3%          2
g - Slow                  Hex            80%        N/A       2%          1
z - Blink                 Tloc           40%        N/A       3%          2
Your spell library was empty.

Dungeon Overview and Level Annotations

Branches:
Dungeon (4/15)
 Temple: D:4-7

Altars:
Nemelex Xobeh
Okawaru
Xom


Innate Abilities, Weirdness & Mutations

You are immune to sickness and miasma.
You are immune to poison.
Your flesh is very heat resistant. (rF++)
You are vulnerable to cold. (rC-)
You float through the air rather than walking.
You learn spells naturally, not from books.
Your magical power is your life essence.
You have superior vitality. (+4 MHP)


Message History

* * * LOW HITPOINT WARNING * * *
The gnoll bouda hits you with a +0 club.
* * * LOW HITPOINT WARNING * * *
Your cerulean imp hits the gnoll bouda but does no damage.
The gnoll bouda gazes fiercely through you!
You feel your attacks grow feeble.
The gnoll bouda hits you with a +0 club!
* * * LOW HITPOINT WARNING * * *
Your cerulean imp hits the gnoll bouda but does no damage.
Casting: Scorch (safe; 3% risk of failure)
Confirm with . or Enter, or press ? or * to list all spells.
Flames lash the gnoll bouda.
The gnoll bouda is burned terribly!
The gnoll bouda is severely wounded.
* * * LOW HITPOINT WARNING * * *
The gnoll bouda barely misses you.
Your cerulean imp hits the gnoll bouda but does no damage.
The gnoll bouda gazes fiercely through you!
You feel as though you will be weak longer.
The gnoll bouda misses you.
Your cerulean imp closely misses the gnoll bouda.
You barely miss the gnoll bouda.
The gnoll bouda is severely wounded.
The gnoll bouda hits you with a +0 club.
* * * LOW HITPOINT WARNING * * *
Your cerulean imp barely misses the gnoll bouda.
You closely miss the gnoll bouda.
The gnoll bouda is severely wounded.
The gnoll bouda barely misses you.
Your cerulean imp hits the gnoll bouda with a -2 spear.
You hit the gnoll bouda but do no damage.
The gnoll bouda is severely wounded.
The gnoll bouda mumbles some strange prayers to its god.
The gnoll bouda is healed somewhat.
Your cerulean imp barely misses the gnoll bouda.
You hit the gnoll bouda but do no damage.
The gnoll bouda is heavily wounded.
Your attacks no longer feel as feeble.
The gnoll bouda is no longer more vulnerable to fire.
The gnoll bouda hits you with a +0 club!
You die...

+......'..#
#..##..#..#
### ####..#
#...# #...#
##+# ##:.#
..... ##5.#
......#.g.#
#.:'..@#
########


You could see a gnoll bouda (ally target) and a friendly cerulean imp
(summoned).

Vanquished Creatures
  Sigmund (D:2)
  A scorpion (D:3)
  A howler monkey (D:4)
  A hound (D:4)
  A jelly (D:4)
  An iguana (D:4)
  An orc wizard (D:4)
  Natasha (twice) (D:3)
  7 adders
  3 gnolls (D:3)
  2 worms
  A dart slug (D:3)
  5 bats
  8 endoplasms
  2 giant cockroaches (D:1)
  3 hobgoblins
  3 jackals (D:3)
  5 quokkas
  5 ball pythons
  3 frilled lizards
  6 goblins
  7 kobolds
  7 rats
76 creatures vanquished.

Vanquished Creatures (collateral kills)
  A gnoll (D:3)
  A worm (D:2)
  A bat (D:3)
3 creatures vanquished.

Grand Total: 79 creatures vanquished

Notes
Turn   | Place    | Note
-------+----------+-------------------------------------------
     0 | D:1      | Decritt the Djinni Hedge Wizard began the quest for the
                  | Orb.
     0 | D:1      | Decritt set off with the following spells memorised: Magic
                  | Dart, Slow, Blink, Call Imp, Mephitic Cloud.
     0 | D:1      | Reached XP level 1. HP: 15/15 MP: 0/0
   147 | D:1      | Reached XP level 2. HP: 19/22 MP: 0/0
   213 | D:1      | Reached skill level 1 in Fighting
   457 | D:1      | Reached XP level 3. HP: 24/27 MP: 0/0
   457 | D:1      | Learned a level 1 spell: Necrotise
   694 | D:2      | You are sucked into a shaft and drop 1 floor!
   865 | D:3      | Reached XP level 4. HP: 20/33 MP: 0/0
  1402 | D:2      | Found a sparkling altar of Nemelex Xobeh.
  1471 | D:2      | Found a faded altar of an unknown god.
  1594 | D:2      | Noticed Sigmund
  1636 | D:2      | Killed Sigmund
  1637 | D:2      | Reached XP level 5. HP: 20/40 MP: 0/0
  1637 | D:2      | Learned a level 2 spell: Lesser Beckoning
  1637 | D:2      | Reached XP level 6. HP: 24/46 MP: 0/0
  2185 | D:3      | Noticed Natasha
  2191 | D:3      | Killed Natasha
  2228 | D:3      | Found a shimmering altar of Xom.
  2229 | D:3      | Found a shimmering altar of Xom.
  2234 | D:3      | Found a shimmering altar of Xom.
  2235 | D:3      | Found a shimmering altar of Xom.
  2237 | D:3      | Found a shimmering altar of Xom.
  2237 | D:3      | Found a shimmering altar of Xom.
  2285 | D:3      | Noticed Natasha
  2294 | D:3      | Killed Natasha
  2295 | D:3      | Reached XP level 7. HP: 39/52 MP: 0/0
  2295 | D:3      | Learned a level 2 spell: Scorch
  2918 | D:3      | Found an iron altar of Okawaru.
  3504 | D:4      | Slain by a gnoll bouda

Illustrated notes

Levels and vault maps discovered:
D:1:      minmay_arrival_shoal_huts, layout_loops_ring, fountainhead,
          minmay_small_reverse_x
D:2:      layout_loops_ring, dreamdust_ecumenical_altar_sealed_demon,
          basic_altar, uniq_sigmund
D:3:      layout_basic, okawaru_metal_pillars_1_2, xom_redecorated, uniq_natasha
D:4:      minmay_chambers_of_twos, layout_basic, serial_glass, glass_columns_a,
          glass_columns_a, ebering_dispersal_statue_hall,
          nicolae_twisty_statue_hallways

Skill      XL: |  1  2  3  4  5  6  7 |
---------------+----------------------+-----
Spellcasting   | 3 4 |  4.5
Conjurations   | 3 4 |  4.5
Hexes          | 3 4 |  4.5
Summonings     | 3 4 |  4.5
Necromancy     | 3 4 |  4.5
Translocations | 3 4 |  4.5
Transmutations | 3 4 |  4.5
Fire Magic     | 3 4 |  4.5
Ice Magic      | 3 4 |  4.5
Air Magic      | 3 4 |  4.5
Earth Magic    | 3 4 |  4.5
Poison Magic   | 3 4 |  4.5
Fighting       | 1 3 4 |  4.8
Dodging        | 3 4 |  4.2
Stealth        | |  1.5

Action                     |  1- 3 |  4- 6 |  7- 9 || total
---------------------------+-------+-------+-------++-------
  Melee: Spear             |       |     3 |    14 ||    17
   Cast: Magic Dart        |    72 |    73 |    51 ||   196
         Call Imp          |       |     5 |     3 ||     8
         Slow              |       |     2 |       ||     2
         Mephitic Cloud    |       |     2 |       ||     2
         Scorch            |       |       |    18 ||    18
    Use: Scroll            |       |     9 |     4 ||    13
 Armour: Robe              |     1 |     3 |     3 ||     7
  Dodge: Dodged            |     6 |    14 |    33 ||    53

Table legend: (Time is in decaauts)
 A = Elapsed time spent in this place.
 B = Non-inter-level travel time spent in this place.
 C = Inter-level travel time spent in this place.
 D = Time resting spent in this place.
 E = Time spent auto-exploring this place.
 F = Levels seen in this place.
 G = Mean time per level.
                   A        B        C        D        E       F      G
               +--------+--------+--------+--------+--------+-----+--------+
         Total |   3501 |   3449 |     52 |    377 |   2555 |   4 |  875.2 |
       Dungeon |   3501 |   3449 |     52 |    377 |   2555 |   4 |  875.2 |
               +--------+--------+--------+--------+--------+-----+--------+

Top non-repeatable levels by time:
     D:3: 1280 daAuts
     D:2: 966 daAuts
     D:1: 684 daAuts
     D:4: 570 daAuts
